Workbook

Sheet Dashboard
B1: Sales & Inventory Dashboard
B2: Sample project / Demo | fictional data, Aug-Oct 2026 | every number below is a live formula
B3: Select month: | C3: All | D3: <- dropdown filter | K3: key: | L3: =IF(C3="All","*",C3)
B5: Total Revenue | C5: Total Profit | D5: Profit Margin | E5: Orders | G5: Units Sold | H5: Avg Order Value | I5: Stock Value (cost) | J5: Items to Reorder
B6: =SUMIFS(Data!$J$2:$J$201,Data!$C$2:$C$201,$L$3) | C6: =SUMIFS(Data!$L$2:$L$201,Data!$C$2:$C$201,$L$3) | D6: =IFERROR(C6/B6,0) | E6: =COUNTIFS(Data!$C$2:$C$201,$L$3) | G6: =SUMIFS(Data!$H$2:$H$201,Data!$C$2:$C$201,$L$3) | H6: =IFERROR(B6/E6,0) | I6: =SUMPRODUCT(Inventory!$E$2:$E$9,Inventory!$C$2:$C$9) | J6: =COUNTIF(Inventory!$I$2:$I$9,"REORDER")
B8: TOP PRODUCT | D8: TOP REGION | G8: TOP SALES REP | I8: BEST MONTH (all data)
B9: =INDEX($B$12:$B$19,MATCH(MAX($C$12:$C$19),$C$12:$C$19,0)) | D9: =INDEX($G$12:$G$15,MATCH(MAX($H$12:$H$15),$H$12:$H$15,0)) | G9: =INDEX($G$19:$G$24,MATCH(MAX($H$19:$H$24),$H$19:$H$24,0)) | I9: =INDEX($B$23:$B$25,MATCH(MAX($C$23:$C$25),$C$23:$C$25,0))
B11: Product | C11: Revenue | D11: Units | E11: Share | G11: Region | H11: Revenue | I11: Orders | J11: Share
B12: =Inventory!A2 | C12: =SUMIFS(Data!$J$2:$J$201,Data!$D$2:$D$201,$B12,Data!$C$2:$C$201,$L$3) | D12: =SUMIFS(Data!$H$2:$H$201,Data!$D$2:$D$201,$B12,Data!$C$2:$C$201,$L$3) | E12: =IFERROR(C12/$B$6,0) | G12: Americas | H12: =SUMIFS(Data!$J$2:$J$201,Data!$F$2:$F$201,$G12,Data!$C$2:$C$201,$L$3) | I12: =COUNTIFS(Data!$F$2:$F$201,$G12,Data!$C$2:$C$201,$L$3) | J12: =IFERROR(H12/$B$6,0)
B13: =Inventory!A3 | C13: =SUMIFS(Data!$J$2:$J$201,Data!$D$2:$D$201,$B13,Data!$C$2:$C$201,$L$3) | D13: =SUMIFS(Data!$H$2:$H$201,Data!$D$2:$D$201,$B13,Data!$C$2:$C$201,$L$3) | E13: =IFERROR(C13/$B$6,0) | G13: Europe | H13: =SUMIFS(Data!$J$2:$J$201,Data!$F$2:$F$201,$G13,Data!$C$2:$C$201,$L$3) | I13: =COUNTIFS(Data!$F$2:$F$201,$G13,Data!$C$2:$C$201,$L$3) | J13: =IFERROR(H13/$B$6,0)
B14: =Inventory!A4 | C14: =SUMIFS(Data!$J$2:$J$201,Data!$D$2:$D$201,$B14,Data!$C$2:$C$201,$L$3) | D14: =SUMIFS(Data!$H$2:$H$201,Data!$D$2:$D$201,$B14,Data!$C$2:$C$201,$L$3) | E14: =IFERROR(C14/$B$6,0) | G14: Asia Pacific | H14: =SUMIFS(Data!$J$2:$J$201,Data!$F$2:$F$201,$G14,Data!$C$2:$C$201,$L$3) | I14: =COUNTIFS(Data!$F$2:$F$201,$G14,Data!$C$2:$C$201,$L$3) | J14: =IFERROR(H14/$B$6,0)
B15: =Inventory!A5 | C15: =SUMIFS(Data!$J$2:$J$201,Data!$D$2:$D$201,$B15,Data!$C$2:$C$201,$L$3) | D15: =SUMIFS(Data!$H$2:$H$201,Data!$D$2:$D$201,$B15,Data!$C$2:$C$201,$L$3) | E15: =IFERROR(C15/$B$6,0) | G15: Middle East | H15: =SUMIFS(Data!$J$2:$J$201,Data!$F$2:$F$201,$G15,Data!$C$2:$C$201,$L$3) | I15: =COUNTIFS(Data!$F$2:$F$201,$G15,Data!$C$2:$C$201,$L$3) | J15: =IFERROR(H15/$B$6,0)
B16: =Inventory!A6 | C16: =SUMIFS(Data!$J$2:$J$201,Data!$D$2:$D$201,$B16,Data!$C$2:$C$201,$L$3) | D16: =SUMIFS(Data!$H$2:$H$201,Data!$D$2:$D$201,$B16,Data!$C$2:$C$201,$L$3) | E16: =IFERROR(C16/$B$6,0)
B17: =Inventory!A7 | C17: =SUMIFS(Data!$J$2:$J$201,Data!$D$2:$D$201,$B17,Data!$C$2:$C$201,$L$3) | D17: =SUMIFS(Data!$H$2:$H$201,Data!$D$2:$D$201,$B17,Data!$C$2:$C$201,$L$3) | E17: =IFERROR(C17/$B$6,0)
B18: =Inventory!A8 | C18: =SUMIFS(Data!$J$2:$J$201,Data!$D$2:$D$201,$B18,Data!$C$2:$C$201,$L$3) | D18: =SUMIFS(Data!$H$2:$H$201,Data!$D$2:$D$201,$B18,Data!$C$2:$C$201,$L$3) | E18: =IFERROR(C18/$B$6,0) | G18: Sales Rep | H18: Revenue | I18: Orders | J18: Avg Order
B19: =Inventory!A9 | C19: =SUMIFS(Data!$J$2:$J$201,Data!$D$2:$D$201,$B19,Data!$C$2:$C$201,$L$3) | D19: =SUMIFS(Data!$H$2:$H$201,Data!$D$2:$D$201,$B19,Data!$C$2:$C$201,$L$3) | E19: =IFERROR(C19/$B$6,0) | G19: Sarah Collins | H19: =SUMIFS(Data!$J$2:$J$201,Data!$G$2:$G$201,$G19,Data!$C$2:$C$201,$L$3) | I19: =COUNTIFS(Data!$G$2:$G$201,$G19,Data!$C$2:$C$201,$L$3) | J19: =IFERROR(H19/I19,0)
G20: Daniel Okafor | H20: =SUMIFS(Data!$J$2:$J$201,Data!$G$2:$G$201,$G20,Data!$C$2:$C$201,$L$3) | I20: =COUNTIFS(Data!$G$2:$G$201,$G20,Data!$C$2:$C$201,$L$3) | J20: =IFERROR(H20/I20,0)
G21: Mei Tanaka | H21: =SUMIFS(Data!$J$2:$J$201,Data!$G$2:$G$201,$G21,Data!$C$2:$C$201,$L$3) | I21: =COUNTIFS(Data!$G$2:$G$201,$G21,Data!$C$2:$C$201,$L$3) | J21: =IFERROR(H21/I21,0)
B22: Month (unfiltered) | C22: Revenue | D22: Profit | E22: Orders | G22: Lucas Meyer | H22: =SUMIFS(Data!$J$2:$J$201,Data!$G$2:$G$201,$G22,Data!$C$2:$C$201,$L$3) | I22: =COUNTIFS(Data!$G$2:$G$201,$G22,Data!$C$2:$C$201,$L$3) | J22: =IFERROR(H22/I22,0)
B23: Aug 2026 | C23: =SUMIFS(Data!$J$2:$J$201,Data!$C$2:$C$201,$B23) | D23: =SUMIFS(Data!$L$2:$L$201,Data!$C$2:$C$201,$B23) | E23: =COUNTIFS(Data!$C$2:$C$201,$B23) | G23: Priya Nair | H23: =SUMIFS(Data!$J$2:$J$201,Data!$G$2:$G$201,$G23,Data!$C$2:$C$201,$L$3) | I23: =COUNTIFS(Data!$G$2:$G$201,$G23,Data!$C$2:$C$201,$L$3) | J23: =IFERROR(H23/I23,0)
B24: Sep 2026 | C24: =SUMIFS(Data!$J$2:$J$201,Data!$C$2:$C$201,$B24) | D24: =SUMIFS(Data!$L$2:$L$201,Data!$C$2:$C$201,$B24) | E24: =COUNTIFS(Data!$C$2:$C$201,$B24) | G24: Omar Haddad | H24: =SUMIFS(Data!$J$2:$J$201,Data!$G$2:$G$201,$G24,Data!$C$2:$C$201,$L$3) | I24: =COUNTIFS(Data!$G$2:$G$201,$G24,Data!$C$2:$C$201,$L$3) | J24: =IFERROR(H24/I24,0)
B25: Oct 2026 | C25: =SUMIFS(Data!$J$2:$J$201,Data!$C$2:$C$201,$B25) | D25: =SUMIFS(Data!$L$2:$L$201,Data!$C$2:$C$201,$B25) | E25: =COUNTIFS(Data!$C$2:$C$201,$B25)

Sheet Data
A1: Date | B1: Order ID | C1: Month | D1: Product | E1: Category | F1: Region | G1: Sales Rep | H1: Qty | I1: Unit Price | J1: Revenue | K1: Unit Cost | L1: Profit
A2: 46235 | B2: SO-1001 | C2: =TEXT(A2,"mmm yyyy") | D2: Laptop Stand | E2: =INDEX(Inventory!$B$2:$B$9,MATCH(D2,Inventory!$A$2:$A$9,0)) | F2: Europe | G2: Lucas Meyer | H2: 4 | I2: =INDEX(Inventory!$D$2:$D$9,MATCH(D2,Inventory!$A$2:$A$9,0)) | J2: =H2*I2 | K2: =INDEX(Inventory!$C$2:$C$9,MATCH(D2,Inventory!$A$2:$A$9,0)) | L2: =J2-H2*K2
A3: 46237 | B3: SO-1002 | C3: =TEXT(A3,"mmm yyyy") | D3: USB-C Hub | E3: =INDEX(Inventory!$B$2:$B$9,MATCH(D3,Inventory!$A$2:$A$9,0)) | F3: Europe | G3: Sarah Collins | H3: 11 | I3: =INDEX(Inventory!$D$2:$D$9,MATCH(D3,Inventory!$A$2:$A$9,0)) | J3: =H3*I3 | K3: =INDEX(Inventory!$C$2:$C$9,MATCH(D3,Inventory!$A$2:$A$9,0)) | L3: =J3-H3*K3
A4: 46237 | B4: SO-1003 | C4: =TEXT(A4,"mmm yyyy") | D4: Laptop Stand | E4: =INDEX(Inventory!$B$2:$B$9,MATCH(D4,Inventory!$A$2:$A$9,0)) | F4: Asia Pacific | G4: Sarah Collins | H4: 5 | I4: =INDEX(Inventory!$D$2:$D$9,MATCH(D4,Inventory!$A$2:$A$9,0)) | J4: =H4*I4 | K4: =INDEX(Inventory!$C$2:$C$9,MATCH(D4,Inventory!$A$2:$A$9,0)) | L4: =J4-H4*K4
A5: 46238 | B5: SO-1004 | C5: =TEXT(A5,"mmm yyyy") | D5: Mech. Keyboard | E5: =INDEX(Inventory!$B$2:$B$9,MATCH(D5,Inventory!$A$2:$A$9,0)) | F5: Middle East | G5: Lucas Meyer | H5: 7 | I5: =INDEX(Inventory!$D$2:$D$9,MATCH(D5,Inventory!$A$2:$A$9,0)) | J5: =H5*I5 | K5: =INDEX(Inventory!$C$2:$C$9,MATCH(D5,Inventory!$A$2:$A$9,0)) | L5: =J5-H5*K5
A6: 46238 | B6: SO-1005 | C6: =TEXT(A6,"mmm yyyy") | D6: USB-C Hub | E6: =INDEX(Inventory!$B$2:$B$9,MATCH(D6,Inventory!$A$2:$A$9,0)) | F6: Europe | G6: Omar Haddad | H6: 5 | I6: =INDEX(Inventory!$D$2:$D$9,MATCH(D6,Inventory!$A$2:$A$9,0)) | J6: =H6*I6 | K6: =INDEX(Inventory!$C$2:$C$9,MATCH(D6,Inventory!$A$2:$A$9,0)) | L6: =J6-H6*K6
A7: 46238 | B7: SO-1006 | C7: =TEXT(A7,"mmm yyyy") | D7: BT Speaker | E7: =INDEX(Inventory!$B$2:$B$9,MATCH(D7,Inventory!$A$2:$A$9,0)) | F7: Europe | G7: Daniel Okafor | H7: 4 | I7: =INDEX(Inventory!$D$2:$D$9,MATCH(D7,Inventory!$A$2:$A$9,0)) | J7: =H7*I7 | K7: =INDEX(Inventory!$C$2:$C$9,MATCH(D7,Inventory!$A$2:$A$9,0)) | L7: =J7-H7*K7
A8: 46238 | B8: SO-1007 | C8: =TEXT(A8,"mmm yyyy") | D8: 27in Monitor | E8: =INDEX(Inventory!$B$2:$B$9,MATCH(D8,Inventory!$A$2:$A$9,0)) | F8: Europe | G8: Priya Nair | H8: 2 | I8: =INDEX(Inventory!$D$2:$D$9,MATCH(D8,Inventory!$A$2:$A$9,0)) | J8: =H8*I8 | K8: =INDEX(Inventory!$C$2:$C$9,MATCH(D8,Inventory!$A$2:$A$9,0)) | L8: =J8-H8*K8
A9: 46239 | B9: SO-1008 | C9: =TEXT(A9,"mmm yyyy") | D9: Wireless Mouse | E9: =INDEX(Inventory!$B$2:$B$9,MATCH(D9,Inventory!$A$2:$A$9,0)) | F9: Asia Pacific | G9: Priya Nair | H9: 12 | I9: =INDEX(Inventory!$D$2:$D$9,MATCH(D9,Inventory!$A$2:$A$9,0)) | J9: =H9*I9 | K9: =INDEX(Inventory!$C$2:$C$9,MATCH(D9,Inventory!$A$2:$A$9,0)) | L9: =J9-H9*K9
A10: 46239 | B10: SO-1009 | C10: =TEXT(A10,"mmm yyyy") | D10: Laptop Stand | E10: =INDEX(Inventory!$B$2:$B$9,MATCH(D10,Inventory!$A$2:$A$9,0)) | F10: Europe | G10: Priya Nair | H10: 6 | I10: =INDEX(Inventory!$D$2:$D$9,MATCH(D10,Inventory!$A$2:$A$9,0)) | J10: =H10*I10 | K10: =INDEX(Inventory!$C$2:$C$9,MATCH(D10,Inventory!$A$2:$A$9,0)) | L10: =J10-H10*K10
A11: 46240 | B11: SO-1010 | C11: =TEXT(A11,"mmm yyyy") | D11: Webcam HD | E11: =INDEX(Inventory!$B$2:$B$9,MATCH(D11,Inventory!$A$2:$A$9,0)) | F11: Americas | G11: Mei Tanaka | H11: 2 | I11: =INDEX(Inventory!$D$2:$D$9,MATCH(D11,Inventory!$A$2:$A$9,0)) | J11: =H11*I11 | K11: =INDEX(Inventory!$C$2:$C$9,MATCH(D11,Inventory!$A$2:$A$9,0)) | L11: =J11-H11*K11
A12: 46241 | B12: SO-1011 | C12: =TEXT(A12,"mmm yyyy") | D12: BT Speaker | E12: =INDEX(Inventory!$B$2:$B$9,MATCH(D12,Inventory!$A$2:$A$9,0)) | F12: Americas | G12: Omar Haddad | H12: 2 | I12: =INDEX(Inventory!$D$2:$D$9,MATCH(D12,Inventory!$A$2:$A$9,0)) | J12: =H12*I12 | K12: =INDEX(Inventory!$C$2:$C$9,MATCH(D12,Inventory!$A$2:$A$9,0)) | L12: =J12-H12*K12
A13: 46241 | B13: SO-1012 | C13: =TEXT(A13,"mmm yyyy") | D13: Laptop Stand | E13: =INDEX(Inventory!$B$2:$B$9,MATCH(D13,Inventory!$A$2:$A$9,0)) | F13: Asia Pacific | G13: Daniel Okafor | H13: 3 | I13: =INDEX(Inventory!$D$2:$D$9,MATCH(D13,Inventory!$A$2:$A$9,0)) | J13: =H13*I13 | K13: =INDEX(Inventory!$C$2:$C$9,MATCH(D13,Inventory!$A$2:$A$9,0)) | L13: =J13-H13*K13
... A201: 46326 | B201: SO-1200 | C201: =TEXT(A201,"mmm yyyy") | D201: Wireless Mouse | E201: =INDEX(Inventory!$B$2:$B$9,MATCH(D201,Inventory!$A$2:$A$9,0)) | F201: Americas | G201: Priya Nair | H201: 7 | I201: =INDEX(Inventory!$D$2:$D$9,MATCH(D201,Inventory!$A$2:$A$9,0)) | J201: =H201*I201 | K201: =INDEX(Inventory!$C$2:$C$9,MATCH(D201,Inventory!$A$2:$A$9,0)) | L201: =J201-H201*K201

Sheet Inventory
A1: Product | B1: Category | C1: Unit Cost | D1: Unit Price | E1: Stock on Hand | F1: Reorder Point | G1: Units Sold (3 mo) | H1: Avg Daily Sales | I1: Status | J1: Days of Cover | K1: Suggested Order Qty
A2: Wireless Mouse | B2: Accessories | C2: 11 | D2: 25 | E2: 142 | F2: 60 | G2: =SUMIFS(Data!$H$2:$H$201,Data!$D$2:$D$201,A2) | H2: =G2/92 | I2: =IF(E2<=F2,"REORDER",IF(E2<=F2*1.5,"LOW","OK")) | J2: =IFERROR(E2/H2,"-") | K2: =IF(I2="OK",0,MAX(0,F2*3-E2))
A3: Mech. Keyboard | B3: Accessories | C3: 46 | D3: 89 | E3: 38 | F3: 40 | G3: =SUMIFS(Data!$H$2:$H$201,Data!$D$2:$D$201,A3) | H3: =G3/92 | I3: =IF(E3<=F3,"REORDER",IF(E3<=F3*1.5,"LOW","OK")) | J3: =IFERROR(E3/H3,"-") | K3: =IF(I3="OK",0,MAX(0,F3*3-E3))
A4: USB-C Hub | B4: Accessories | C4: 17 | D4: 39 | E4: 21 | F4: 50 | G4: =SUMIFS(Data!$H$2:$H$201,Data!$D$2:$D$201,A4) | H4: =G4/92 | I4: =IF(E4<=F4,"REORDER",IF(E4<=F4*1.5,"LOW","OK")) | J4: =IFERROR(E4/H4,"-") | K4: =IF(I4="OK",0,MAX(0,F4*3-E4))
A5: 27in Monitor | B5: Displays | C5: 150 | D5: 229 | E5: 17 | F5: 15 | G5: =SUMIFS(Data!$H$2:$H$201,Data!$D$2:$D$201,A5) | H5: =G5/92 | I5: =IF(E5<=F5,"REORDER",IF(E5<=F5*1.5,"LOW","OK")) | J5: =IFERROR(E5/H5,"-") | K5: =IF(I5="OK",0,MAX(0,F5*3-E5))
A6: Webcam HD | B6: Video | C6: 28 | D6: 59 | E6: 64 | F6: 35 | G6: =SUMIFS(Data!$H$2:$H$201,Data!$D$2:$D$201,A6) | H6: =G6/92 | I6: =IF(E6<=F6,"REORDER",IF(E6<=F6*1.5,"LOW","OK")) | J6: =IFERROR(E6/H6,"-") | K6: =IF(I6="OK",0,MAX(0,F6*3-E6))
A7: Laptop Stand | B7: Accessories | C7: 14 | D7: 35 | E7: 96 | F7: 40 | G7: =SUMIFS(Data!$H$2:$H$201,Data!$D$2:$D$201,A7) | H7: =G7/92 | I7: =IF(E7<=F7,"REORDER",IF(E7<=F7*1.5,"LOW","OK")) | J7: =IFERROR(E7/H7,"-") | K7: =IF(I7="OK",0,MAX(0,F7*3-E7))
A8: ANC Headset | B8: Audio | C8: 68 | D8: 129 | E8: 12 | F8: 20 | G8: =SUMIFS(Data!$H$2:$H$201,Data!$D$2:$D$201,A8) | H8: =G8/92 | I8: =IF(E8<=F8,"REORDER",IF(E8<=F8*1.5,"LOW","OK")) | J8: =IFERROR(E8/H8,"-") | K8: =IF(I8="OK",0,MAX(0,F8*3-E8))
A9: BT Speaker | B9: Audio | C9: 38 | D9: 79 | E9: 55 | F9: 30 | G9: =SUMIFS(Data!$H$2:$H$201,Data!$D$2:$D$201,A9) | H9: =G9/92 | I9: =IF(E9<=F9,"REORDER",IF(E9<=F9*1.5,"LOW","OK")) | J9: =IFERROR(E9/H9,"-") | K9: =IF(I9="OK",0,MAX(0,F9*3-E9))
A11: Rules: REORDER when stock <= reorder point; LOW when stock <= 1.5x reorder point. Blue values are inputs you can edit; everything else is formula-driven.
A12: Sample project / Demo - fictional data.
